 Dungeon Crawl Stone Soup version 0.29.1-15-g9cfb28693d (webtiles) character file.

Game seed: 7404083837883395767

5 leafyfresh the Sneak (level 1, 0/16 HPs)
             Began as an Octopode Delver on Mar 5, 2023.
             Slain by a goblin
             ... wielding a +0 dagger
              (1 damage)
             ... on level 4 of the Dungeon.
             The game lasted 00:00:47 (159 turns).

leafyfresh the Sneak (Octopode Delver)               Turns: 159, Time: 00:00:48

Health: 0/16       AC:  1    Str: 11    XL:     1   Next: 80%
Magic:  1/1        EV: 13    Int: 12    God:
Gold:   0          SH:  0    Dex: 13    Spells: 0/0 levels left

rFire   . . .      SeeInvis .   a - +0 short sword
rCold   . . .      Faith    .   (no shield)
rNeg    . . .      Spirit   .   (helmet restricted)
rPois   .          Reflect  .   (no amulet)
rElec   .          Harm     .   (no ring)
rCorr   .          Rampage  .   (no ring)
Will    .....                   (no ring)
Stlth   ++++......              (no ring)
HPRegen 0.05/turn               (no ring)
MPRegen 0.07/turn               (no ring)
                                (no ring)
                                (no ring)

@: no status effects
A: almost no armour, amphibious, 8 rings, camouflage 1, gelatinous body 1,
(nimble swimmer 1), tentacles
a: no special abilities


You were on level 4 of the Dungeon.
You visited 1 branch of the dungeon, and saw 2 of its levels.

Inventory:

Hand Weapons
 a - a +0 short sword (weapon)
Wands
 f - a wand of digging (3)
Scrolls
 b - a scroll of fog
 c - a scroll of magic mapping
 d - a scroll of fear
 g - a scroll of noise {unknown}
 h - a scroll of enchant weapon {unknown}
Potions
 e - a potion of haste


   Skills:
 + Level 3.1 Fighting
 - Level 2.0 Short Blades
 + Level 2.2 Dodging
 + Level 6.7 Stealth


You couldn't memorise any spells.
You didn't know any spells.
Your spell library contained the following spells:

 Spells                   Type           Power      Damage    Failure   Level
 Blink                    Tloc           0%         N/A       45%         2
 Lesser Beckoning         Tloc           0%         N/A       69%         3
 Manifold Assault         Tloc           0%         N/A       100%        5


Dungeon Overview and Level Annotations

Branches:
Dungeon (5/15)
 Temple: D:4-7

Altars:
Nemelex Xobeh
Okawaru


Innate Abilities, Weirdness & Mutations

You cannot wear most types of armour.
You are amphibious.
You can wear up to eight rings at the same time.
Your skin changes colour to match your surroundings (Stealth+).
Your rubbery body absorbs attacks. (AC +1, EV +1)
((You are camouflaged when in or above water. (Stealth+)))
You have tentacles for arms and can constrict up to eight enemies at once.


Message History

There is an open door here.
A hobgoblin comes into view.
A hobgoblin is nearby!
An orc comes into view. It is wielding a +0 mace.
An orc comes into view. It is wielding a +0 falchion.
Found 17 gold pieces.
The helpless hobgoblin fails to defend itself.
You puncture the hobgoblin!
You kill the hobgoblin!
The orc shouts! x2; You hear a shout! x2
An orc comes into view. It is wielding a +0 whip.
The orc shouts!
You hit the orc. You grab the orc. You squeeze the orc.
You kill the orc!
You hit the orc. You grab the orc.
The orc is moderately wounded.
You constrict the orc. The orc closely misses you.
An orc comes into view. It is wielding a +0 flail.
The orc throws a boomerang.
The boomerang hits you!
You hit the orc. You squeeze the orc.
You kill the orc!
A goblin comes into view. It is wielding a +0 dagger.
An orc and a jelly come into view.
The jelly quivers.
The orc hits you with a +0 whip.
You see here a +0 falchion.
You are too injured to fight recklessly!
You are too injured to fight recklessly!
You are too injured to fight recklessly!
Unknown command.
The orc attacks as you move away! The orc hits you with a +0 whip.
* * * LOW HITPOINT WARNING * * *
The goblin attacks as you move away! The goblin hits you with a +0 dagger.
* * * LOW HITPOINT WARNING * * *
The orc throws a boomerang.
The boomerang barely misses you. The goblin misses you.
You see here a hobgoblin corpse.
You open the door.
The orc throws a boomerang.
The boomerang misses you. The goblin hits you with a +0 dagger.
You die...

...... ## ### #....#
##.# ...##$...##...# #
..J.........#..
.......... .. #......
.. ########..o.# .#
#.....#..)og##..#### #
#.....#...o.@'......
#.##
#....###...##......
#...##....###...#
######
..........#....##....#
#(........#....§....§.
..##.....##...§§≈≈≈≈≈
#.....##...§§§.§..
##>....##...§.≈≈≈≈≈
#.......#...≈.≈...≈


You could see a jelly, 3 orcs and a goblin.

Vanquished Creatures
  2 orcs (D:4)
  A hobgoblin (D:4)
3 creatures vanquished.

Vanquished Creatures (others)
  A quokka (D:4)
1 creature vanquished.

Grand Total: 4 creatures vanquished

Notes
Turn   | Place    | Note
-------+----------+-------------------------------------------
     0 | D:5      | leafyfresh the Octopode Delver began the quest for the Orb.
     0 | D:5      | Reached XP level 1. HP: 16/16 MP: 1/1
   137 | D:4      | Found an iron altar of Okawaru.
   140 | D:4      | Found a sparkling altar of Nemelex Xobeh.
   156 | D:4      | Noticed a jelly
   159 | D:4      | Slain by a goblin

Illustrated notes

Levels and vault maps discovered:
D:4:      layout_gridville, grunt_temple_overflow_lords_of_destruction,
          elyvilon_altar_4, mainiacjoe_overflow_concentric_impassable,
          mainiacjoe_overflow_catwalk_spiral
D:5:      layout_basic, mainiacjoe_overflow_cross_hatched

Action                   || total
-------------------------++-------
Melee: Short sword       ||     4
       Constrict         ||     2
       Tentacles         ||     2
 Stab: Sleeping          ||     1
Dodge: Dodged            ||     4
